 Dungeon Crawl Stone Soup version 0.29.1-15-g9cfb28693d (webtiles) character file.

Game seed: 15428751121436824586

195 croobank the Firebug (level 5, -2/37 (38) HPs)
             Began as a Gnoll Fire Elementalist on Mar 17, 2023.
             Slain by an orc wizard
             ... wielding a +0 dagger
              (3 damage)
             ... on level 4 of the Dungeon.
             The game lasted 00:08:26 (3870 turns).

croobank the Firebug (Gnoll Fire Elementalist)      Turns: 3870, Time: 00:08:27

HP:   -2/37 (38)    AC:  4    Str:  7    XL:     5   Next: 74%
MP:   5/12          EV: 12    Int: 17    God:
Gold: 127           SH:  0    Dex: 12    Spells: 8/14 levels left

rFire   + . .      SeeInvis .   d - +0 short sword
rCold   + . .      Faith    .   (no shield)
rNeg    . . .      Spirit   .   n - +0 leather armour
rPois   +          Reflect  .   (no helmet)
rElec   +          Harm     .   (no cloak)
rCorr   +          Rampage  .   p - +0 pair of gloves
Will    .....                   (no boots)
Stlth   ++........              (no amulet)
HPRegen 0.12/turn               g - +4 ring of slaying
MPRegen 0.13/turn               m - ring of resist corrosion

@: resistant, lightly drained
A: fangs 1, strong nose, distributed training
a: no special abilities


You were on level 4 of the Dungeon.
You visited 1 branch of the dungeon, and saw 4 of its levels.

You collected 127 gold pieces.

Inventory:

Hand Weapons
 d - a +0 short sword (weapon)
 i - a +0 flail
 s - a +1 long sword of electrocution
Missiles
 h - a throwing net
Armour
 a - a +0 robe
 n - a +0 leather armour (worn)
 p - a +0 pair of gloves (worn)
Jewellery
 g - a +4 ring of slaying (left hand)
 m - a ring of resist corrosion (right hand)
Wands
 t - a wand of iceblast (9)
Scrolls
 c - 5 scrolls of identify {unknown}
 f - 2 scrolls of immolation {unknown}
 j - a scroll of brand weapon {unknown}
 o - a scroll of poison {unknown}
 q - a scroll of amnesia {unknown}
 u - a scroll of enchant armour {unknown}
Potions
 b - a potion of magic
 l - a potion of curing {unknown}
 r - a potion of lignification {unknown}
 v - a potion of berserk rage {unknown}


   Skills:
 + Level 1.7 Fighting
 + Level 1.7 Short Blades
 + Level 1.7 Long Blades
 + Level 1.7 Axes
 + Level 1.7 Maces & Flails
 + Level 1.7 Polearms
 + Level 1.7 Staves
 + Level 1.7 Ranged Weapons
 + Level 1.7 Throwing
 + Level 1.7 Armour
 + Level 4.9 Dodging
 + Level 4.5 Stealth
 + Level 1.7 Shields
 + Level 1.7 Unarmed Combat
 + Level 5.2 Spellcasting
 + Level 2.5 Conjurations
 + Level 1.3 Hexes
 + Level 1.3 Summonings
 + Level 1.3 Necromancy
 + Level 1.3 Translocations
 + Level 1.3 Transmutations
 + Level 5.6 Fire Magic
 + Level 1.3 Ice Magic
 + Level 1.3 Air Magic
 + Level 1.3 Earth Magic
 + Level 1.3 Poison Magic
 + Level 1.9 Invocations
 + Level 1.7 Evocations


You had 8 spell levels left.
You knew the following spells:

 Your Spells              Type           Power      Damage    Failure   Level
a - Foxfire               Conj/Fire      72%        2x1d7     3%          1
b - Scorch                Fire           46%        2d7       3%          2
c - Inner Flame           Hex/Fire       16%        N/A       14%         3

Your spell library contained the following spells:

 Spells                   Type           Power      Damage    Failure   Level
 Sandblast                Erth           18%        2d7       12%         1
 Conjure Flame            Conj/Fire      18%        6-21      12%         3
 Passwall                 Tmut/Erth      7%         N/A       17%         2
 Stone Arrow              Conj/Erth      22%        3d8       26%         3
 Gell's Gravitas          Tloc           9%         N/A       34%         3
 Lesser Beckoning         Tloc           9%         N/A       34%         3
 Teleport Other           Tloc           9%         N/A       34%         3
 Flame Wave               Conj/Fire      18%        2d7       36%         4


Dungeon Overview and Level Annotations

Branches:
Dungeon (4/15)
 Temple: D:4-7

Altars:

Shops:
D:1 *


Innate Abilities, Weirdness & Mutations

You have very sharp teeth.
Your uncanny sense of smell can sniff out nearby items.
Your experience applies equally to all skills.


Message History

Flames lash the orc.
The orc is heavily wounded.
The orc's fire resistance burns away.
The orc priest mumbles some strange prayers to Beogh against you.
You barely resist. The orc barely misses you.
You barely miss the orc priest.
The orc priest hits you but does no damage.
The orc hits you with a +0 dagger.
Casting: Scorch (safe; 3% risk of failure)
Confirm with . or Enter, or press ? or * to list all spells.
Flames lash the orc.
The orc is burned terribly!
You kill the orc!
The orc priest hits you with a +0 club. The orc hits you with a +0 dagger.
You hit the orc priest.
The orc priest is moderately wounded.
The orc priest hits you but does no damage.
Casting: Scorch (safe; 3% risk of failure)
Confirm with . or Enter, or press ? or * to list all spells.
Flames lash the orc priest.
The orc priest is heavily wounded.
The orc priest's fire resistance burns away.
The orc priest barely misses you.
You hit the orc wizard.
The orc wizard is moderately wounded.
The orc wizard mumbles some strange words.
The orc wizard flickers and vanishes!
Deactivating autopickup; reactivate with Ctrl-A.
The orc priest hits you but does no damage.
You miss something.
You hear some strange, mumbled words.
A puff of flame appears from out of thin air!
The puff of flame hits you!
The orc priest mumbles some strange prayers to Beogh against you.
Beogh smites you!
* * * LOW HITPOINT WARNING * * *
It was a potion of resistance.
You feel protected.
The orc priest is no longer more vulnerable to fire.
Something hits you.
You die...

## ### .# #. ..# .#
#.#####.##.#
#.#...#.##.#####
#.#..##.#......#
#.#{..#.#......#
#.@oo.#.#.)....#
#.##o##.)......#
#.#............#
#.#...>..........#
#(.........#.#...#
######)###...#...###.
#......{.#....hoo..
#.##.#####....†o... #
#.......###....!


You could see an orc priest and 2 orcs.

Vanquished Creatures
  A hound (D:4)
  Ijyb (D:3)
  4 adders
  3 worms (D:2)
  A dart slug (D:3)
  11 orcs
  5 ball pythons
  6 endoplasms
  5 giant cockroaches
  7 goblins
  8 hobgoblins
  3 kobolds
  5 quokkas
  8 bats
  3 frilled lizards
  5 rats
76 creatures vanquished.

Vanquished Creatures (others)
  228 foxfires
228 creatures vanquished.

Grand Total: 304 creatures vanquished

Notes
Turn   | Place    | Note
-------+----------+-------------------------------------------
     0 | D:1      | croobank the Gnoll Fire Elementalist began the quest for
                  | the Orb.
     0 | D:1      | Reached XP level 1. HP: 13/13 MP: 6/6
   136 | D:1      | Reached XP level 2. HP: 19/19 MP: 3/7
   173 | D:1      | Found Elucs's Assorted Antiques.
   417 | D:1      | Found a faded altar of an unknown god.
   732 | D:1      | Reached skill level 5 in Spellcasting
   732 | D:1      | Reached XP level 3. HP: 25/25 MP: 5/9
  1372 | D:2      | Learned a level 2 spell: Scorch
  1502 | D:2      | Reached skill level 1 in Invocations
  2107 | D:2      | Reached skill level 1 in Fighting
  2107 | D:2      | Reached skill level 1 in Short Blades
  2107 | D:2      | Reached skill level 1 in Long Blades
  2107 | D:2      | Reached skill level 1 in Axes
  2107 | D:2      | Reached skill level 1 in Maces & Flails
  2107 | D:2      | Reached skill level 1 in Polearms
  2107 | D:2      | Reached skill level 1 in Staves
  2107 | D:2      | Reached skill level 1 in Ranged Weapons
  2107 | D:2      | Reached skill level 1 in Throwing
  2107 | D:2      | Reached skill level 1 in Armour
  2107 | D:2      | Reached skill level 1 in Shields
  2107 | D:2      | Reached skill level 1 in Unarmed Combat
  2107 | D:2      | Reached skill level 1 in Evocations
  2250 | D:2      | Reached XP level 4. HP: 32/32 MP: 7/11
  2337 | D:2      | Learned a level 3 spell: Inner Flame
  2454 | D:3      | Reached skill level 1 in Hexes
  2454 | D:3      | Reached skill level 1 in Summonings
  2454 | D:3      | Reached skill level 1 in Necromancy
  2454 | D:3      | Reached skill level 1 in Translocations
  2454 | D:3      | Reached skill level 1 in Transmutations
  2454 | D:3      | Reached skill level 1 in Ice Magic
  2454 | D:3      | Reached skill level 1 in Air Magic
  2454 | D:3      | Reached skill level 1 in Earth Magic
  2454 | D:3      | Reached skill level 1 in Poison Magic
  3109 | D:3      | Noticed Ijyb
  3114 | D:3      | Killed Ijyb
  3115 | D:3      | Reached XP level 5. HP: 18/37 MP: 5/12
  3869 | D:4      | HP: 1/37 [orc priest/divine providence (11)]
  3870 | D:4      | Slain by an orc wizard

Illustrated notes

Levels and vault maps discovered:
D:1:      amcnicky_arrival_double_pillar, layout_basic,
          ebering_ecumenical_altar_abandoned, serial_shops, shop,
          roderic_serpentine_path
D:2:      layout_loops_ring, minmay_tree_intersection
D:3:      layout_rooms, kennysheep_decorative_pillar, uniq_ijyb
D:4:      layout_basic, enter_ossuary_5, kennysheep_generic_room_16,
          uniq_eustachio

Skill      XL: |  1  2  3  4 |
---------------+-------------+-----
Conjurations   | 2 |  2.5
Spellcasting   | 5 |  5.2
Invocations    | 1 |  1.9
Fighting       | 1 |  1.7
Short Blades   | 1 |  1.7
Long Blades    | 1 |  1.7
Axes           | 1 |  1.7
Maces & Flails | 1 |  1.7
Polearms       | 1 |  1.7
Staves         | 1 |  1.7
Ranged Weapons | 1 |  1.7
Throwing       | 1 |  1.7
Armour         | 1 |  1.7
Shields        | 1 |  1.7
Unarmed Combat | 1 |  1.7
Evocations     | 1 |  1.7
Hexes          | 1 |  1.3
Summonings     | 1 |  1.3
Necromancy     | 1 |  1.3
Translocations | 1 |  1.3
Transmutations | 1 |  1.3
Ice Magic      | 1 |  1.3
Air Magic      | 1 |  1.3
Earth Magic    | 1 |  1.3
Poison Magic   | 1 |  1.3
Dodging        | |  4.9
Stealth        | |  4.5
Fire Magic     | |  5.6

Action                   |  1- 3 |  4- 6 || total
-------------------------+-------+-------++-------
Melee: Short sword       |     6 |     8 ||    14
       Bite              |       |     1 ||     1
 Cast: Foxfire           |    78 |    61 ||   139
       Scorch            |     7 |    22 ||    29
  Use: Potion            |       |     2 ||     2
 Stab: Sleeping          |     1 |       ||     1
Armor: Robe              |     4 |       ||     4
       Leather armour    |     2 |     9 ||    11
Dodge: Dodged            |     7 |    13 ||    20
